 Dungeon Crawl Stone Soup version 0.28-a0-828-g0121872642 (webtiles) character file.

Game seed: 9316505343940058831

33 cheechan the Bolt Thrower (level 3, -1/25 HPs)
             Began as an Octopode Hunter on Nov 10, 2021.
             Slain by a ball python (3 damage)
             ... on level 2 of the Dungeon.
             The game lasted 00:02:17 (504 turns).

cheechan the Bolt Thrower (Octopode Hunter)          Turns: 504, Time: 00:02:17

Health: -1/25      AC:  1    Str: 11    XL:     3   Next: 29%
Magic:  3/3        EV: 10    Int: 13    God:
Gold:   40         SH:  0    Dex: 13    Spells: 2/2 levels left

rFire   . . .      SeeInvis .   a - +1 hand crossbow
rCold   . . .      Faith    .   (no shield)
rNeg    . . .      Spirit   .   (helmet restricted)
rPois   .          Reflect  .   (no amulet)
rElec   .          Harm     .   (no ring)
rCorr   .          Rampage  .   (no ring)
Will    .....                   (no ring)
Stlth   +++.......              (no ring)
HPRegen 0.08/turn               (no ring)
MPRegen 0.08/turn               (no ring)
                                (no ring)
                                (no ring)

@: constricted
A: almost no armour, amphibious, 8 rings, camouflage 1, gelatinous body 1,
(nimble swimmer 1), tentacles
a: no special abilities


You were on level 2 of the Dungeon.
You visited 1 branch of the dungeon, and saw 2 of its levels.

You collected 40 gold pieces.

Inventory:

Hand Weapons
 a - a +1 hand crossbow (weapon)
 b - a +0 short sword
Missiles
 c - 4 bolts (quivered ammo)
 e - 32 sling bullets
 i - 9 poisoned darts (quivered)
Scrolls
 d - a scroll of enchant weapon {unknown}
Potions
 f - a potion of ambrosia {unknown}
 g - a potion of curing {unknown}
 h - a potion of flight {unknown}
 j - 3 potions of degeneration {unknown}


   Skills:
 + Level 2.4 Fighting
 + Level 4.7 Crossbows
 + Level 2.0 Dodging
 + Level 1.7 Stealth


You had 2 spell levels left.
You didn't know any spells.
Your spell library was empty.

Dungeon Overview and Level Annotations

Branches:
Dungeon (1/15)

Altars:


Innate Abilities, Weirdness & Mutations

You cannot wear most types of armour.
You are amphibious.
You can wear up to eight rings at the same time.
Your skin changes colour to match your surroundings (Stealth+).
Your rubbery body absorbs attacks. (AC +1, EV +1)
((You are camouflaged near water. (Stealth+)))
You have tentacles for arms and can constrict up to eight enemies at once.


Message History

Press: ? - help, Shift-Dir - straight line, f/p - jackal
Aim: a jackal (severely wounded, 59% to hit)
You shoot a bolt. The bolt hits the jackal.
You kill the jackal!
The ball python barely misses you. The ball python constricts you.
The jackal bites you. The ball python closely misses you.
The ball python constricts you.
Fire: 7 bolts
Press: ? - help, Shift-Dir - straight line, f - jackal
Aim: a jackal (59% to hit)
You shoot a bolt. The bolt hits the jackal.
The jackal is lightly wounded.
The jackal completely misses you. The ball python barely misses you.
The ball python constricts you. The jackal bites you.
Fire: 6 bolts
Press: ? - help, Shift-Dir - straight line, f/p - jackal
Aim: a jackal (59% to hit)
You shoot a bolt. The bolt hits the jackal.
The jackal is lightly wounded.
The ball python closely misses you. The ball python constricts you.
The jackal closely misses you. The ball python barely misses you.
The ball python constricts you. The jackal closely misses you.
Fire: 5 bolts
Press: ? - help, Shift-Dir - straight line, f/p - jackal
Aim: a jackal (lightly wounded, 59% to hit)
You shoot a bolt. The bolt hits the jackal.
The jackal is heavily wounded.
The jackal barely misses you.
The ball python bites you but does no damage.
The ball python constricts you. The jackal bites you.
* * * LOW HITPOINT WARNING * * *
The ball python bites you.
* * * LOW HITPOINT WARNING * * *
The ball python constricts you.
* * * LOW HITPOINT WARNING * * *
The ball python's grasp on you weakens, but your attempt to escape fails.
The jackal bites you.
* * * LOW HITPOINT WARNING * * *
The ball python bites you.
You die...

###+#+###
#....††.#
#.......+
#.......#
#####@###
#..S(h....#
#....?....#
#.........#
#.........#
#.........#
#...(.....#
####+######


You could see a jackal and a ball python.

Vanquished Creatures
  A dart slug (D:1)
  4 bats
  2 endoplasms (D:1)
  A giant cockroach (D:1)
  3 goblins (D:1)
  4 hobgoblins (D:1)
  3 jackals (D:2)
  2 kobolds (D:1)
  A quokka (D:1)
  A ball python (D:1)
  A frilled lizard (D:1)
  3 rats (D:1)
26 creatures vanquished.

Notes
Turn   | Place    | Note
-------+----------+-------------------------------------------
     0 | D:1      | cheechan the Octopode Hunter began the quest for the Orb.
     0 | D:1      | Reached XP level 1. HP: 14/14 MP: 1/1
   180 | D:1      | Reached XP level 2. HP: 15/19 MP: 2/2
   365 | D:1      | Reached XP level 3. HP: 22/25 MP: 3/3
   482 | D:1      | You fall into a shaft and drop 1 floor!
   504 | D:2      | Slain by a ball python

Illustrated notes

Levels and vault maps discovered:
D:1:      beargit_arrival_greenhouse, layout_basic, grunt_decor_fettered,
          moated_statue
D:2:      layout_basic

Action                   || total
-------------------------++-------
 Fire: Hand crossbow     ||    56
Armor: Skin              ||     6
Dodge: Dodged            ||    36

Table legend: (Time is in decaauts)
 A = Elapsed time spent in this place.
 B = Non-inter-level travel time spent in this place.
 C = Inter-level travel time spent in this place.
 D = Time resting spent in this place.
 E = Time spent auto-exploring this place.
 F = Levels seen in this place.
 G = Mean time per level.
                   A        B        C        D        E       F      G
               +--------+--------+--------+--------+--------+-----+--------+
         Total |    519 |    519 |      0 |      0 |      0 |   2 |  259.5 |
       Dungeon |    519 |    519 |      0 |      0 |      0 |   2 |  259.5 |
               +--------+--------+--------+--------+--------+-----+--------+

Top non-repeatable levels by time:
     D:1: 494 daAuts
     D:2: 24 daAuts
